 Dungeon Crawl Stone Soup version 0.27.1-3-gb3d3a73c9e (webtiles) character file.

Game seed: 4127664358938240730

4 Descartes the Grasshopper (level 1, 0/10 HPs)
             Began as a Spriggan Warper on Oct 16, 2021.
             Slain by a quokka (4 damage)
             ... on level 1 of the Dungeon.
             The game lasted 00:00:55 (488 turns).

Descartes the Grasshopper (Spriggan Warper)          Turns: 488, Time: 00:00:56

Health: 0/10       AC:  2    Str:  7    XL:     1   Next: 58%
Magic:  5/5        EV: 17    Int: 14    God:
Gold:   20         SH:  0    Dex: 14    Spells: 5/5 levels left

rFire    . . .     SeeInvis +   a - +0 short sword
rCold    . . .     Faith    .   (shield restricted)
rNeg     . . .     Spirit   .   b - +0 robe
rPois    .         Reflect  .   (helmet restricted)
rElec    .         Harm     .   (no cloak)
rCorr    .         Rampage  .   (gloves unavailable)
Will     .....                  (boots unavailable)
Stlth    ++........             (no amulet)
HPRegen  0.03/turn              (no ring)
MPRegen  0.09/turn              (no ring)

@: very quick
A: very small, no large weapons, unfitting armour, see invisible, speed 3
a: no special abilities


You were on level 1 of the Dungeon.
You visited 1 branch of the dungeon, and saw 2 of its levels.

You collected 20 gold pieces.

Inventory:

Hand Weapons
 a - a +0 short sword (weapon)
Missiles
 d - 5 boomerangs of dispersal (quivered)
Armour
 b - a +0 robe (worn)
Scrolls
 c - a scroll of blinking
Potions
 e - a potion of curing {unknown}


   Skills:
 + Level 1.6 Fighting
 + Level 2.2 Short Blades
 - Level 1.0 Throwing
 + Level 3.3 Dodging
 * Level 1.0 Stealth
 + Level 2.7 Spellcasting
 + Level 4.4 Translocations


You had 5 spell levels left.
You didn't know any spells.
Your spell library contained the following spells:

 Spells                   Type           Power      Damage    Failure   Level
 Blink                    Tloc           N/A        N/A       5%          2
 Gell's Gravitas          Tloc           7%         N/A       11%         3
 Lesser Beckoning         Tloc           7%         N/A       11%         3
 Teleport Other           Tloc           14%        N/A       11%         3
 Manifold Assault         Tloc           14%        N/A       69%         5


Dungeon Overview and Level Annotations

Branches:
Dungeon (2/15)

Altars:


Innate Abilities, Weirdness & Mutations

You are very small and have problems with some larger weapons.
You are too small for most types of armour.
You have supernaturally acute eyesight. (SInv)
You cover ground extremely quickly. (Speed+++)


Message History

The bat closely misses you. The bat misses you.
A giant cockroach comes into view.
Found 3 gold pieces.
The bat barely misses you. The quokka closely misses you.
You closely miss the quokka. The bat closely misses you. The quokka misses you.
You hit the quokka but do no damage. The bat closely misses you.
The bat misses you. The quokka misses you.
You barely miss the quokka. The quokka barely misses you.
The bat hits you but does no damage.
You closely miss the quokka. The bat hits you.
The quokka closely misses you. x2
You hit the quokka.
The quokka is moderately wounded.
The bat misses you. The quokka misses you.
You closely miss the quokka.
The quokka is moderately wounded.
The bat completely misses you. The quokka bites you.
Ouch! That really hurt!
You are too injured to fight recklessly!
You are too injured to fight recklessly!
You are too injured to fight recklessly!
You are too injured to fight recklessly!
You are too injured to fight recklessly!
You are too injured to fight recklessly!
You are too injured to fight recklessly!
You are too injured to fight recklessly!
You are too injured to fight recklessly!
You are too injured to fight recklessly!
You are too injured to fight recklessly!
You are too injured to fight recklessly!
You are too injured to fight recklessly!
You are too injured to fight recklessly!
You are too injured to fight recklessly!
The bat barely misses you.
The giant cockroach waves its antennae.
The bat misses you. The bat barely misses you. The bat barely misses you.
You barely miss the bat. The bat misses you. The quokka bites you.
You die...

.............#
.............#
............#
#######...?.# #.....#
#...r.# ## #...?.# #.
#.....########## ##.
#....br@.......#######..
##############.#.....#..
#.#.....'.. #.#.....##.
#.###+####. #......##..
#......##.. #####'####.
#.....##.


You could see a quokka and a bat.

Vanquished Creatures
  A hobgoblin (D:1)
  3 bats (D:1)
4 creatures vanquished.

Notes
Turn   | Place    | Note
-------+----------+-------------------------------------------
     0 | D:1      | Descartes the Spriggan Warper began the quest for the Orb.
     0 | D:1      | Reached XP level 1. HP: 10/10 MP: 5/5
    19 | D:1      | You fall into a shaft and drop 1 floor!
   358 | D:1      | Reached skill level 1 in Stealth
   488 | D:1      | Slain by a quokka

Illustrated notes

Levels and vault maps discovered:
D:1:      dpeg_arrival_houses_and_road, layout_basic
D:2:      layout_loops_cross, uniq_robin, uniq_sigmund, uniq_terence

Skill      XL: |  1 |
---------------+----+-----
Stealth        | 1 |  1.0
Fighting       | |  1.6
Short Blades   | |  2.2
Throwing       | |  1.0
Dodging        | |  3.3
Spellcasting   | |  2.7
Translocations | |  4.4

Action                   || total
-------------------------++-------
Melee: Short sword       ||    47
Armor: Robe              ||    11
Dodge: Dodged            ||    76
